 Dungeon Crawl Stone Soup version bcrawl-1.40.3b (webtiles) character file.

Game seed: 7619766770022554218

227945 Anathary the Shield-Bearer (level 8, -4/48 HPs)
             Began as a Fairy Fighter on Feb 19, 2024.
             Was a Follower of Hepliaklqana.
             Slain by a sky beast (6 damage)
             ... on level 6 of the Dungeon.
             The game lasted 00:19:57 (5435 turns).

Anathary the Shield-Bearer (Fairy Fighter)          Turns: 5435, Time: 00:19:57

Health: -4/48      AC:  7    Str: 15    XL:     8   Next: 61%
Magic:  10/10      EV: 16    Int: 11    God:    Hepliaklqana [*.....]
Gold:   303        SH: 16    Dex: 14    Spells: 7/7 levels left

rFire    . . .     GDR:     26% a - +0 rapier
rCold    . . .     SeeInvis .   b - +0 medium shield
rNeg     . . .     Gourm    +   (armour unavailable)
rPois    .         Faith    .   g - +2 hat
rElec    .         Spirit   .   (no cloak)
rCorr    .         Reflect  .   (no gloves)
MR       .....                  (no boots)
Stlth    ..........             j - amulet of the gourmand
HPRegen  0.18/turn              (no ring)
MPRegen  0.12/turn              (no ring)

@: flying evasively
A: small, magic attunement, unstealthy, unfitting armour, reduced essence, able
to fly, AC/SH +5
a: Stop Flying, Recall Ancestor, Ancestor Identity, Renounce Religion


You were on level 6 of the Dungeon.
You worshipped Hepliaklqana.
Hepliaklqana was aware of your devotion.
You were not hungry.

You visited 2 branches of the dungeon, and saw 7 of its levels.

You collected 303 gold pieces.

Inventory:

Hand Weapons
 a - a +0 rapier (weapon)
Armour
 b - a +0 medium shield (worn)
 g - a +2 hat (worn)
 q - a +0 pair of boots
Jewellery
 h - an uncursed amulet of inaccuracy
 j - an amulet of the gourmand (around neck)
Wands
 s - a wand of charming (9)
Scrolls
 f - 7 scrolls of remove curse
 i - 2 scrolls of identify
 k - 2 scrolls of noise {unknown}
 m - 3 scrolls of enchant armour {unknown}
 n - a scroll of teleportation
 o - a scroll of fear
 u - a scroll of enchant weapon {unknown}
 v - a scroll of blinking {unknown}
Potions
 c - a potion of might
 d - 2 potions of mutation
 l - a potion of haste
 p - 2 potions of lignification {unknown}
 r - a potion of brilliance {unknown}
 t - a potion of heal wounds {unknown}
Comestibles
 e - 2 rations {!d}


   Skills:
 + Level 4.4 Fighting
 + Level 6.3 Short Blades
 + Level 7.2 Dodging
 + Level 7.6 Shields


You had 7 spell levels left.
You didn't know any spells.
Your spell library contained the following spells:

 Spells                   Type           Power        Failure   Level  Hunger
 Infusion                 Chrm           #.......     99%         1    None
 Summon Small Mammal      Summ           #...         99%         1    None
 Call Imp                 Summ           #.....       100%        2    None
 Song of Slaying          Chrm           #.......     100%        2    None
 Swiftness                Chrm/Air       #.......     100%        2    None
 Call Canine Familiar     Summ           #.......     100%        3    None
 Ozocubu's Armour         Chrm/Ice       #.......     100%        3    None
 Regeneration             Chrm/Necr      #.........   100%        3    None
 Spectral Weapon          Hex/Chrm       #.......     100%        3    None
 Summon Ice Beast         Ice/Summ       #.......     100%        4    None
 Summon Lightning Spire   Summ/Air       #.......     100%        5    None


Dungeon Overview and Level Annotations

Branches:
Dungeon (6/12)             Temple (1/1) D:5

Altars:
Ashenzari
Dithmenos
Elyvilon
Fedhas
Gozag
Hepliaklqana
Kikubaaqudgha
Lugonu
Makhleb
Nemelex Xobeh
Okawaru
Qazlal
Ru
Sif Muna
Trog
Vehumet
Wu Jian
Xom
Yredelemnul
Zin

Shops:
D:4 [


Innate Abilities, Weirdness & Mutations

Your spells do not cause hunger and MP costs are reduced by 1.
Your bright wings attract enemies. (Stealth-)
You cannot fit into any form of body armour.
Your shimmering scales are hard and can block incoming attacks. (AC +5, SH +5)
You are small and have problems with some larger weapons.
You can fly continuously.
Your life essence is reduced to manifest your ancestor. (-10% HP)


Message History

The sky beast is severely wounded.
The sky beast hits you but does no damage.
You hit the sky beast.
The sky beast is severely wounded.
You block the sky beast's attack.
You hit the sky beast.
The sky beast is severely wounded.
You block the sky beast's attack.
You closely miss the sky beast.
The sky beast is severely wounded.
The sky beast flickers out of sight!
Deactivating autopickup; reactivate with Ctrl-A.
Something hits you.
* * * LOW HITPOINT WARNING * * *
Something shocks you.
* * * LOW HITPOINT WARNING * * *
Something hits you.
* * * LOW HITPOINT WARNING * * *
Something shocks you.
You die...

.. ##.## . #...# .#
#...# #'## #... #...##
##.##### ##.≈...##
#......# ##.{.....#
######......###.@.......
..............'.........
######......###.........
#.#..#.# ##.......#
#.#.##.# ##.....##
#.#.##.# #...## #......#
#'## ###.######### .###
#.# #... ...


There were no monsters in sight!

Vanquished Creatures
  A hungry ghost (D:5)
  An ice beast (D:5)
  A sky beast (D:5)
  An orc warrior (D:6)
  2 phantoms
  2 scorpions
  3 howler monkeys (D:4)
  A bullfrog zombie (D:5)
  A crimson imp (D:6)
  5 hounds
  Crazy Yiuf (D:5)
  A jelly (D:6)
  2 worker ants
  A hound zombie (D:6)
  A worker ant zombie (D:5)
  5 adders
  An adder skeleton (D:4)
  An adder zombie (D:4)
  3 worms
  4 dart slugs
  4 leopard geckos (D:3)
  10 orcs
  A giant cockroach (D:1)
  13 goblins
  10 hobgoblins
  4 jackals
  2 quokkas (D:3)
  2 ball pythons
  11 bats
  3 frilled lizards
  9 kobolds
  7 rats
114 creatures vanquished.

Vanquished Creatures (collateral kills)
  An orc wizard (D:6)
  An orc (D:6)
  2 jackals (D:6)
4 creatures vanquished.

Vanquished Creatures (others)
  2 ancestors (D:6)
2 creatures vanquished.

Grand Total: 120 creatures vanquished

Notes
Turn   | Place    | Note
-------+----------+-------------------------------------------
     0 | D:1      | Anathary the Fairy Fighter began the quest for the Orb.
     0 | D:1      | Reached XP level 1. HP: 15/15 MP: 3/3
   135 | D:1      | Reached XP level 2. HP: 13/20 MP: 4/4
   285 | D:1      | Reached XP level 3. HP: 25/26 MP: 5/5
   782 | D:2      | Found an ancient bone altar of Kikubaaqudgha.
  1169 | D:2      | Reached XP level 4. HP: 16/31 MP: 6/6
  1257 | D:2      | Found a burning altar of Makhleb.
  1257 | D:2      | Noticed a balrug
  1261 | D:2      | Noticed a neqoxec
  1261 | D:2      | Noticed a hellwing
  2208 | D:3      | Reached XP level 5. HP: 36/36 MP: 7/7
  2279 | D:3      | Found a sparkling altar of Nemelex Xobeh.
  2331 | D:3      | Found an ornate altar of the Wu Jian Council.
  2331 | D:3      | Found a sacrificial altar of Ru.
  2332 | D:3      | Found a shimmering altar of Xom.
  2464 | D:3      | Reached skill level 5 in Dodging
  2589 | D:3      | Found a radiant altar of Vehumet.
  2828 | D:4      | Reached skill level 5 in Shields
  2896 | D:4      | Reached XP level 6. HP: 41/42 MP: 8/8
  3030 | D:4      | Found Fenesch's Antique Armour Shop.
  3265 | D:4      | Found a shattered altar of Ashenzari.
  3265 | D:4      | Found a shadowy altar of Dithmenos.
  3367 | D:4      | Noticed a phantom
  3413 | D:4      | Killed a phantom
  3414 | D:4      | Reached XP level 7. HP: 42/46 MP: 9/9
  3557 | D:5      | Entered Level 5 of the Dungeon
  3678 | D:5      | Found a blossoming altar of Fedhas.
  3717 | D:5      | Reached skill level 5 in Short Blades
  3881 | D:5      | Found a staircase to the Ecumenical Temple.
  3885 | D:5      | Noticed a hungry ghost
  3955 | D:5      | Killed a hungry ghost
  3956 | D:5      | Reached XP level 8. HP: 37/54 MP: 10/10
  4002 | Temple   | Entered the Ecumenical Temple
  4060 | Temple   | Became a worshipper of Hepliaklqana the Forgotten
  4473 | D:5      | Found a runed door.
  4758 | D:5      | Noticed Crazy Yiuf
  4770 | D:5      | Killed Crazy Yiuf
  5116 | D:6      | Reached * piety under Hepliaklqana
  5435 | D:6      | HP: 2/48 [something (1)]
  5435 | D:6      | Slain by a sky beast

Skill      XL: |  1  2  3  4  5  6  7  8 |
---------------+-------------------------+-----
Fighting       | 3 4 |  4.4
Shields        | 4 5 6 7 |  7.6
Short Blades   | 3 4 5 6 |  6.3
Dodging        | 5 6 7 |  7.2

Action                   |  1- 3 |  4- 6 |  7- 9 || total
-------------------------+-------+-------+-------++-------
Melee: Rapier            |   179 |   294 |   240 ||   713
Invok: Recall Ancestor   |       |       |     1 ||     1
  Use: Scroll            |     5 |     2 |       ||     7
  Eat: Chunk             |     4 |     5 |     4 ||    13
       Ration            |     1 |     3 |     5 ||     9
Armor: Skin              |    33 |    34 |    40 ||   107
Dodge: Dodged            |    57 |    94 |    63 ||   214
Block: Medium shield     |   121 |   236 |   137 ||   494
